Match 46196223
Unlisted

Match 46196223
End
Engineer Squad
Construct Barracks
Selects Armored Battlegroup
Selects Veteran Crews
1⁄4-ton 4x4 Truck
Riflemen Squad
Riflemen Squad
Mechanized Support Center
Riflemen Squad
Construct Medical Station
Construct Motor Pool
Selects Fast Deploy
Selects M31 Recovery Vehicle
Selects War Machine
M1 Anti-tank Gun Team
M8 Greyhound Armored Car
Designate Forward Repair Station
Riflemen Squad
Construct Weapon Support Center
Grenade Package
Engineer Squad
Salvage Crew
M3 75 mm Gun Motor Carriage
Riflemen Squad
M3 75 mm Gun Motor Carriage
12azzmatazz
Numenour
DexN
oziligath
0
0

Comments sign in to comment!

No comments posted yet!